[Event "Skagerrak Kragero 2022"]
[Site "Kragero"]
[Date "2022.06.05"]
[Round "7.3"]
[White "Hryzlova, Sofiia"]
[Black "Grave, Jacob Templen"]
[Result "1/2-1/2"]
[ECO "A14"]
[WhiteElo "2157"]
[BlackElo "2227"]
[Annotator "TA"]
[PlyCount "84"]
[EventDate "2022.06.02"]
[EventType "tourn"]
[EventCountry "NOR"]
[SourceTitle "playchess.com"]
[Source "ChessBase"]
[SourceQuality "1"]
[TimeControl "5400+30"]

1. Nf3 Nf6 2. c4 e6 3. g3 b6 4. Bg2 Bb7 5. O-O Be7 6. b3 O-O 7. Bb2 c5 8. e3 d5 9. Qe2 Nc6 10. Rd1 dxc4 11. bxc4 Qc7 {A14: English Opening: 1...e6 with b3 by White.} 12. d3 Rfd8 13. Nbd2 Rd7 {[#]} 14. Ne1 $146 ({Predecessor:} 14. d4 Rad8 15. Rac1 h6 16. Nb3 {½-½ (16) Kruse,H (2383)-Antonov,V (2367) FICGS email 2014}) 14... a6 15. f4 b5 16. g4 Ne8 17. Rac1 Na5 18. Nef3 f6 19. d4 (19. g5 $14) 19... Nxc4 20. Nxc4 bxc4 21. Qxc4 Bd5 22. Qe2 Qb6 23. Ba3 cxd4 24. Bxe7 {[#] Strongly threatening Bc5.} Rxe7 25. Rxd4 ({White should try} 25. Nxd4 $16 Bxg2 26. Qxg2) 25... Nd6 {[%cal Be8d6,Bd6b5,Bb5c7,Bc7d5][%mdl 32] Inhibits f5.} 26. Kh1 Qb7 27. Nd2 Nb5 $1 28. Rb4 {[#] aiming for e4.} Bxg2+ 29. Qxg2 {The position is equal.} Rc8 30. Rbc4 Rxc4 31. Rxc4 Qa7 32. a4 (32. g5 {is more complex.} Kf7 33. gxf6 gxf6 34. Rc1) 32... Nc7 33. Rd4 Nd5 34. Qf3 Qc5 35. f5 Nc7 36. Ne4 Qe5 37. Rd8+ Re8 38. Rxe8+ Nxe8 39. fxe6 Qxe6 40. Nc5 Qd6 41. Qe4 Nc7 42. Qc4+ Kf8 {[%emt 1:50:13] Weighted Error Value: White=0.13 (very precise) /Black=0.07 (flawless)} 1/2-1/2

[Event "Skagerrak Kragero 2022"]
[Site "Kragero"]
[Date "2022.06.05"]
[Round "7.4"]
[White "Skaslien, Ingrid"]
[Black "Sagafos, Magne"]
[Result "0-1"]
[ECO "E63"]
[WhiteElo "1884"]
[BlackElo "2361"]
[Annotator "TA"]
[PlyCount "74"]
[EventDate "2022.06.02"]
[EventType "tourn"]
[EventCountry "NOR"]
[SourceTitle "playchess.com"]
[Source "ChessBase"]
[SourceQuality "1"]
[TimeControl "5400+30"]

1. d4 Nf6 2. c4 g6 3. Nc3 Bg7 4. Nf3 d6 5. g3 O-O 6. Bg2 Nc6 7. O-O a6 8. h3 Rb8 9. e4 b5 10. cxb5 {The old main line.} axb5 11. d5 b4 {E63: King's Indian: Fianchetto: Panno Variation with 7...a6.} 12. Ne2 Na5 13. Nfd4 Bd7 {[#] The position is equal.} 14. Qc2 $146 ({White should try} 14. Re1 $11) ({Predecessor:} 14. b3 c5 15. dxc6 Nxc6 16. Be3 Qa5 17. Qd2 Rfd8 18. Rfc1 Nxd4 19. Bxd4 e5 20. Bb2 {0-1 (40) Testa,A (2269)-Goes,S (2104) Amsterdam 2011}) 14... Qc8 (14... e5 $5 15. dxe6 fxe6 $11) 15. Kh2 (15. Bd2 $11) 15... c5 16. dxc6 Nxc6 17. Bd2 {Black converts the advantage convincingly.} ({White should play} 17. Nxc6 $15 Qxc6 18. Qb1) 17... Nxd4 $17 18. Nxd4 {[#]} Ng4+ $1 19. hxg4 {And now Qd3 would win.} Bxd4 20. Qxc8 (20. Rac1 $17) 20... Rfxc8 $19 ({Weaker is} 20... Rbxc8 21. Bxb4 Bxb2 22. Rad1) 21. Rfc1 (21. Rac1 {was called for.}) 21... Bxb2 22. Rxc8+ Rxc8 (22... Bxc8 $2 {perishes.} 23. Rb1 Ba3 24. Bh3 $19) 23. Rb1 Bc3 ({Avoid the trap} 23... Rc2 $2 24. Bxb4 Rxf2 25. Rd1 $19) 24. Bxc3 bxc3 {[%mdl 4096] Endgame KRB-KRB} 25. g5 {[#]} Bb5 $1 26. Rc1 c2 27. Bh3 Rc5 28. Kg2 e6 29. Kf3 $2 (29. f4) 29... Rc3+ 30. Kg2 Be2 31. f4 Bf3+ 32. Kf2 Bxe4 {Strongly threatening ...h5.} 33. Bf1 (33. Bg2 $142 Bf5 34. Bf1) 33... d5 34. a4 (34. Bg2 $142 Bd3 35. Bf1) 34... d4 {White must now prevent ...Rf3+.} 35. a5 Rf3+ 36. Ke2 d3+ 37. Ke1 {[%emt 1:47:57] [#]} Rxf1+ $1 {[%emt 1:35:02] Weighted Error Value: White=0.94/Black=0.13 (very precise)} 0-1

[Event "Skagerrak Kragero 2022"]
[Site "Kragero"]
[Date "2022.06.05"]
[Round "7.5"]
[White "Verbin, Valentina"]
[Black "Doluhanova, Evgeniya"]
[Result "0-1"]
[ECO "E18"]
[WhiteElo "2067"]
[BlackElo "2270"]
[Annotator "TA"]
[PlyCount "74"]
[EventDate "2022.06.02"]
[EventType "tourn"]
[EventCountry "NOR"]
[SourceTitle "playchess.com"]
[Source "ChessBase"]
[SourceQuality "1"]
[TimeControl "5400+30"]

1. d4 Nf6 2. c4 e6 3. Nf3 b6 4. g3 Bb7 5. Bg2 Be7 6. O-O O-O 7. Nc3 Ne4 8. Bd2 d6 9. d5 Nxd2 {9...Nxd2 scores better than 9...Nxc3.} 10. Nxd2 e5 {E18: Queen's Indian: Old Main Line (4 g3 Bb7 5 Bg2 Be7 6 0-0 0-0 7 Nc3).} 11. e4 Nd7 12. f4 exf4 {The position is equal.} 13. gxf4 Bf6 14. Qf3 {[#]} a5 $146 ({Predecessor:} 14... Re8 15. Rae1 a6 16. a4 Qe7 17. Kh1 Nf8 18. Bh3 Ng6 19. Re3 Bc8 20. Bxc8 Raxc8 {½-½ (51) Velikov,P (2470)-Hecht,H (2460) Luzern 1982}) 15. Rae1 Bd4+ 16. Kh1 f5 (16... g6 $11 {keeps the balance.}) 17. Qd3 Bf6 18. exf5 Nc5 19. Qc2 Bc8 {[#]} (19... Bxc3 {is more appropriate.} 20. Qxc3 Bc8) 20. Re6 $1 Bxc3 $11 21. bxc3 Bxe6 22. fxe6 (22. dxe6 $11 {was the only way to keep the balance.} Rb8 23. Nf3) 22... Qh4 $17 {Black converts the advantage convincingly.} 23. f5 Rf6 $1 24. Ne4 (24. Nf3 $17 Qxc4 25. Nd4) 24... Rh6 $19 25. Bf3 Rf8 {The board is on fire.} (25... Qf4 $1 $19 {and Black stays clearly on top. ...Nxe4 is the strong threat.} 26. Nxc5 bxc5) 26. Nxc5 (26. Qe2 $17) 26... bxc5 $40 {[%mdl 128] Black is out for blood.} ({And not} 26... dxc5 27. Qe2 $11) 27. Be4 {[#]} Qf6 $1 28. Rf2 (28. Qe2 {might work better.}) 28... Rh3 29. Bd3 Rb8 30. Re2 Qg5 31. Re1 $2 (31. Qd2 Qg3 32. Bc2) 31... Qg3 32. Rd1 {[#]} Rxh2+ $3 33. Qxh2 {Black is clearly winning.} Qf3+ 34. Kg1 Qxd1+ 35. Bf1 Qg4+ 36. Kh1 Qxf5 37. Qe2 Qe5 {[%emt 1:40:17] Weighted Error Value: White=1.12/Black=0.43} 0-1

[Event "Skagerrak Kragero 2022"]
[Site "Kragero"]
[Date "2022.06.05"]
[Round "8.2"]
[White "Sagafos, Magne"]
[Black "Verbin, Valentina"]
[Result "1/2-1/2"]
[ECO "D02"]
[WhiteElo "2361"]
[BlackElo "2067"]
[Annotator "TA"]
[PlyCount "217"]
[EventDate "2022.06.02"]
[EventType "tourn"]
[EventCountry "NOR"]
[SourceTitle "playchess.com"]
[Source "ChessBase"]
[SourceQuality "1"]
[TimeControl "5400+30"]

1. d4 Nf6 2. Nf3 d5 3. Bf4 c5 4. e3 Nc6 5. c3 Qb6 6. Qb3 c4 7. Qxb6 axb6 8. Na3 Ra5 9. Bc7 {Against e5. D02: 1 d4 d5 2 Nf3 sidelines, including 2...Nf6 3 g3 and 2...Nf6 3 Bf4.} Nd7 (9... Bf5 $11) 10. Nc2 (10. e4 $14 e6 11. Nc2 (11. exd5 Bxa3 12. dxc6 Bxb2 $11)) 10... Ra6 {[#]} 11. Be2 $146 {White is slightly better.} ({Predecessor:} 11. Nd2 b5 12. e4 e6 13. Bg3 b4 14. Be2 Be7 15. O-O b5 16. a3 bxc3 17. bxc3 {0-1 (39) Antia,S (1701)-Zhapova,Y (1957) Moscow 2020}) 11... b5 12. O-O Nb6 13. b3 Bf5 14. Nb4 (14. Rfc1 $1 $11 {remains equal.}) 14... Nxb4 $17 15. cxb4 Na8 (15... Nc8 $17) 16. Bf4 $11 Ra3 17. Nd2 $1 e6 (17... e5 $11 18. dxe5 (18. Bxe5 f6 $11) 18... Bxb4) 18. e4 $14 Bg6 {[#]} (18... dxe4 $14 19. Nb1 (19. bxc4 Bxb4 20. c5 O-O $11) 19... Ra6) 19. exd5 (19. bxc4 $6 dxc4 20. Nb1 Ra6 $11) (19. Nb1 $1 $16 Ra6 20. exd5) 19... exd5 $11 20. Rfe1 (20. Nb1 $11 Bxb1 21. Rfxb1) 20... Kd8 21. Nb1 Ra6 22. bxc4 bxc4 23. Bd2 Nb6 (23... b5 $17) 24. a3 (24. Bf3 $5 ) 24... Be7 (24... Bxb1 $11 25. Rexb1 g6) 25. Nc3 $14 f6 26. Bf3 Bf7 27. Reb1 {a4 is the strong threat.} Kd7 $2 {[#]} ({Black should try} 27... Bg6 $1 $14) 28. a4 $1 $18 Rha8 29. a5 g5 30. Bg4+ (30. g4 $18) 30... Be6 $16 31. Bxe6+ Kxe6 32. Re1+ Kd7 33. Rab1 Nc8 34. Nxd5 Rd6 35. Nc3 {[%cal Bd5c3,Bc3a4,Ba4c5,Bc5b3,Bb3d2,Bd2e4][%mdl 32] Hoping for d5. 0x0.000bd50dd953dp-1022s more active pieces. The black rooks are badly placed.} (35. Nxe7 Nxe7 36. b5 Rxd4 $11) 35... Rxd4 36. Be3 Rd3 37. Na4 (37. Rec1 {is more complex.} Kc6 38. Nd1 Nd6 39. Bc5) 37... Rb3 $1 38. Rxb3 cxb3 39. Bc5 {Strongly threatening Bxe7.} Bxc5 (39... b5 $11 40. Nb6+ Nxb6 41. Rxe7+ Kd8) 40. Nxc5+ $11 {[%mdl 4096] Endgame KRN-KRN} Kc6 41. Rb1 Kb5 42. Nxb3 Kxb4 43. Nd2+ Kc3 44. Ne4+ Kd4 45. f3 (45. Nxf6 $16 h6 46. Rb4+ (46. Rxb7 Rxa5 47. g3 Nd6 $16) 46... Ke5 47. Ng4+ Ke6 48. Rxb7 (48. Nxh6 Rxa5 49. h4 gxh4 $16) 48... Rxa5 49. g3) 45... Rxa5 $14 46. Rxb7 g4 47. Nxf6 gxf3 48. gxf3 Rf5 49. Nxh7 {Black must now prevent Kf2.} Rxf3 50. Kg2 Rf5 51. Kg3 Nd6 52. Rb4+ Ke5 53. Kg4 Rf2 54. h4 Rg2+ 55. Kh5 Nf5 56. Ng5 Kf6 57. Rb6+ Ke5 58. Re6+ Kd5 {aiming for ...Ng7+.} 59. Re1 Nxh4 60. Kxh4 $11 {KRN-KR} Kd4 61. Kh5 Kd5 62. Kg6 Kd4 63. Kf5 Rf2+ 64. Kg4 Rg2+ 65. Kf4 Rf2+ 66. Nf3+ Kd5 67. Re5+ Kd6 68. Rh5 Ra2 69. Nd4 Rf2+ 70. Ke4 Rf1 71. Rh6+ Kd7 72. Ke5 Ra1 73. Rh7+ Ke8 (73... Kc8 $1 $11) 74. Kf6 ({White should play} 74. Kd6 $1 $14) 74... Rf1+ {The position is equal.} 75. Nf5 Kd8 76. Ke6 Re1+ 77. Kd5 $1 Rd1+ 78. Nd4 Kc8 79. Kc5 Rc1+ 80. Kb6 Rb1+ 81. Nb5 Kd8 82. Kc6 Rc1+ 83. Kd5 Rd1+ 84. Nd4 Kc8 85. Ke4 Re1+ 86. Kd3 Rd1+ 87. Kc4 Rc1+ 88. Kb5 Rb1+ 89. Kc6 Rc1+ 90. Kd6 Rd1 91. Rc7+ Kb8 92. Rc4 Kb7 93. Rb4+ Kc8 $1 94. Ke7 Kc7 95. Rc4+ Kb6 96. Kd6 Kb7 97. Kc5 Kc7 98. Ra4 Rc1+ 99. Kd5 Rd1 100. Ra7+ Kb8 101. Rf7 Kc8 102. Ke5 Re1+ 103. Kd6 Rd1 104. Rc7+ Kb8 105. Rc4 Kb7 106. Kd7 Kb6 107. Rc6+ Kb7 108. Rd6 Rh1 109. Rd5 {[%emt 2:21:13] Black defended with fortune.  Weighted Error Value: White=0.17 (very precise) /Black=0.22 (precise)} 1/2-1/2

[Event "Skagerrak Kragero 2022"]
[Site "Kragero"]
[Date "2022.06.05"]
[Round "8.3"]
[White "Grave, Jacob Templen"]
[Black "Skaslien, Ingrid"]
[Result "1-0"]
[ECO "E20"]
[WhiteElo "2227"]
[BlackElo "1884"]
[Annotator "TA"]
[PlyCount "73"]
[EventDate "2022.06.02"]
[EventType "tourn"]
[EventCountry "NOR"]
[SourceTitle "playchess.com"]
[Source "ChessBase"]
[SourceQuality "1"]
[TimeControl "5400+30"]

1. d4 Nf6 2. c4 e6 3. Nc3 Bb4 4. f3 d5 5. a3 Be7 6. e4 dxc4 {E20: Nimzo-Indian: 4 g3 and 4 f3.} 7. Be3 c5 8. dxc5 Qc7 {White is slightly better.} 9. Bxc4 {Strongly threatening Nb5.} O-O 10. b4 {[#] White is more active.} (10. Nb5 $14 Qc6 11. Rc1) 10... Rd8 $146 {[#]} (10... b6 $1 $11 {remains equal.}) ({Predecessor:} 10... b6 11. Nb5 Qc6 12. Nd6 bxc5 13. Nxc8 Qxc8 14. b5 Nbd7 15. Ne2 Nb6 16. Qc2 a6 17. bxa6 Nxc4 18. Qxc4 Qxa6 19. Qxa6 Rxa6 {0-1 (68) Kazakovskiy,V (2524)-Sarana,A (2675) Chess.com INT 2022}) 11. Qb3 $1 $36 {[%mdl 2048] Black is under strong pressure. Black is now going downhill.} Nh5 (11... Nc6 $16) 12. Nge2 $18 Nd7 {[#]} 13. Bxe6 $1 Bh4+ 14. Kf1 Ne5 (14... Nxc5 $142 15. Bxf7+ (15. Bxc5 Bxe6 16. Nd5 Bxd5 $15) 15... Qxf7 16. Qxf7+ Kxf7) 15. Bxc8 Qxc8 16. Nd4 g6 17. Nd5 {Inhibits b6.} Kg7 18. Qc3 f6 19. Ke2 Kh8 20. g3 Qh3 {Hoping for ...Qg2+.} 21. Bf2 ({Stronger than} 21. gxh4 Qg2+ 22. Kd1 (22. Bf2 Rxd5 23. exd5 Nf4+ 24. Kd1 Qxh1+ 25. Kc2 Qxh2 $17) 22... Qxh1+ 23. Kc2 Qxh2+ 24. Bd2 Qf2 $15) 21... Bg5 22. Nc7 Rac8 {[#]} 23. Nce6 ({Don't do} 23. Nd5 Rd7 24. Rae1 Re8 $16) 23... Bh6 (23... Qg2 $2 24. Nxg5 fxg5 25. Ne6 $18) (23... Re8 $142) 24. Nxd8 Rxd8 25. Rad1 Re8 26. Nb5 {[%cal Bd4b5,Bb5d6,Bd6f7][%mdl 32] White is clearly winning.} ({But not} 26. c6 bxc6 27. Nxc6 Rc8 $18) 26... f5 (26... a6 $142 27. Nd6 Re7) 27. Nd6 Re7 {[#]} 28. Nf7+ $1 Kg7 (28... Rxf7 29. Qxe5+) 29. Nxe5 {White wants to mate with Ng4+.} Nf6 {Prevents Ng4.} 30. Nd7 Bg5 31. e5 Ne8 32. Qd4 Nc7 33. f4 Qg4+ 34. Kd2 Ne6 35. Qd3 Nxf4 36. gxf4 Qxf4+ 37. Be3 {[%emt 1:34:37] Weighted Error Value: White=0.15 (very precise) /Black=0.58} 1-0

[Event "Skagerrak Kragero 2022"]
[Site "Kragero"]
[Date "2022.06.05"]
[Round "8.4"]
[White "Machlik, Monika"]
[Black "Hryzlova, Sofiia"]
[Result "1/2-1/2"]
[ECO "D31"]
[WhiteElo "2134"]
[BlackElo "2157"]
[Annotator "TA"]
[PlyCount "98"]
[EventDate "2022.06.02"]
[EventType "tourn"]
[EventCountry "NOR"]
[SourceTitle "playchess.com"]
[Source "ChessBase"]
[SourceQuality "1"]
[TimeControl "5400+30"]

1. d4 d5 2. c4 e6 3. Nc3 a6 4. c5 e5 5. dxe5 d4 6. Na4 {D31: Queen's Gambit Declined: Semi-Slav without ...Nf6 (+ Marshall Gambit and Noteboom) and Exchange Variation lines without ...Nf6.} Nc6 7. Nf3 Bf5 {[#] White must now prevent ...Nb4.} 8. Qb3 $146 {Inhibits Nb4.} ({Predecessor:} 8. e3 dxe3 9. Bxe3 Qxd1+ 10. Kxd1 O-O-O+ 11. Kc1 Nh6 12. h3 Be4 13. Be2 Nf5 14. Bf4 Bxf3 15. Bxf3 Rd4 16. Bd2 Rxa4 17. Bc3 Bxc5 18. g3 Bd4 19. Bd2 Nxe5 {0-1 (19) Fier,A (2564)-Warmerdam,M (2562) Chess.com INT 2021}) 8... Nge7 9. e3 d3 (9... Be6 $1 $15 {keeps the upper hand.} 10. Qd3 Nb4) 10. Bd2 $1 $16 (10. Qxb7 $2 Rb8 11. Qxa6 Nb4 $19) 10... Ng6 11. Bc3 Qd7 ({Better is} 11... Rb8 $14) 12. Qxb7 Rd8 13. O-O-O $1 {Strongly threatening b3.} (13. Qxa6 $6 Ngxe5 14. O-O-O (14. Nxe5 d2+ 15. Kd1 Bc2+ 16. Kxc2 d1=Q+ 17. Rxd1 Qxd1#) (14. Bxe5 $2 Nb4 $19) 14... Be7 $16) 13... Be7 {[#]} (13... Na5 $16 14. Qxa6 Qxa4 15. Rxd3 Bxd3 16. Bxd3 Rxd3 17. Qxd3 Bxc5) 14. b3 (14. Qxa6 $6 O-O $14) (14. e6 $6 Qxe6 15. Kb1 (15. Qxc7 $2 Qe4 $19) 15... O-O $14) (14. Bxd3 $1 $18 Bxd3 15. Rxd3 $1 Qxd3 16. Qxc6+ Qd7 17. Qxd7+ (17. Qxa6 O-O $16) 17... Kxd7 18. h4) 14... O-O 15. Qxa6 (15. h4 $16) 15... Qd5 $14 16. Nb2 $2 (16. Kb1 $14 {stays ahead.}) 16... Ngxe5 $19 ({Wrong is} 16... Ncxe5 $2 17. Nxe5 Nxe5 18. Qb5 $19) ({Don't play} 16... Qxc5 17. Qc4 $16) 17. Nxe5 Nxe5 18. Qa4 (18. Bxd3 $142 Nxd3+ 19. Nxd3 Bxd3 20. Rxd3 Qxd3 21. Qxd3 Rxd3 22. Bd4 Bxc5 23. Kc2 Rxd4 24. exd4 Bxd4 25. f3) 18... Qxc5 19. Qa5 {[#]} Qxa5 (19... Qc6 $1 $19 {and Black stays clearly on top.} 20. Kd2 (20. Qxe5 $2 Bf6 $19) 20... Ra8 $1 21. Qxe5 Bf6 22. Qxf6 gxf6) 20. Bxa5 $17 {[#]} Ng4 $2 (20... Rd6 $1 $17 21. Bc3 Rc6) 21. Rd2 (21. Bxd3 $16 Bxd3 22. Nxd3) 21... Ra8 $1 $15 22. b4 c5 23. Bxd3 Be6 24. Be4 Ra6 (24... Ra7 $5 25. Nd3 Rb8 $11) 25. Nd3 cxb4 26. Bxb4 Bxb4 27. Nxb4 Ra4 28. Rd4 (28. a3 $11 {keeps the balance.}) 28... Nxf2 $17 29. Rf1 Nxe4 30. Rxe4 Rb8 31. Rd1 $1 g6 $36 {[%mdl 2048] Black is more active.} 32. Nc6 Rxe4 33. Nxb8 Rxe3 {[%mdl 4096] Endgame KRB-KRN} 34. Rd2 Kg7 ({Black should try} 34... Re5 $17 35. Na6 Re4) 35. Nd7 (35. Kb2 $15) 35... Ra3 {Threatens to win with ...Bxd7.} 36. Kb1 Ra5 {Inhibits Nc5.} 37. Nb6 Kf6 38. a4 Ke5 (38... Ke7 $17 {Hoping for ...Ra6.} 39. Kb2 Ra6 40. Nd5+ Bxd5 41. Rxd5 Rxa4) 39. Kb2 $11 {The position is equal.} Ra6 40. Nd7+ Bxd7 41. Rxd7 Rxa4 {...Rf4 is the strong threat.} 42. Rxf7 {KR-KR} Rh4 43. h3 Rf4 44. Rxh7 Rf2+ 45. Kc1 Rxg2 46. Kd1 Kf4 47. Ke1 Kg3 48. h4 Kg4 49. Kf1 Ra2 {[%emt 1:42:23] Weighted Error Value: White=0.35/Black=0.28 (precise)} 1/2-1/2

[Event "Skagerrak Kragero 2022"]
[Site "Kragero"]
[Date "2022.06.05"]
[Round "8.5"]
[White "Tarleva, Diana"]
[Black "Gaboyan, Susanna"]
[Result "0-1"]
[ECO "B07"]
[WhiteElo "2160"]
[BlackElo "2247"]
[Annotator "TA"]
[PlyCount "99"]
[EventDate "2022.06.02"]
[EventType "tourn"]
[EventCountry "NOR"]
[SourceTitle "playchess.com"]
[Source "ChessBase"]
[SourceQuality "1"]
[TimeControl "5400+30"]

1. e4 d6 2. d4 Nf6 3. Nc3 e5 4. dxe5 dxe5 5. Qxd8+ Kxd8 6. Nf3 Bd6 7. Bc4 Be6 8. Bxe6 fxe6 9. b3 {B07: Pirc Defence: Miscellaneous Systems.} Nc6 10. Bb2 {[#]} Nd4 $146 ({Predecessor:} 10... Ke7 11. O-O-O a6 12. h3 Rhf8 13. Rhf1 Nh5 14. Ne2 h6 15. Nh4 Ke8 16. g4 Nf4 17. Nxf4 Rxf4 {0-1 (39) Kosmo,S (2280)-Nyback,T (2575) Stockholm 2006}) 11. Nxd4 {The position is equal.} exd4 12. Nb5 e5 13. c3 Nxe4 14. Nxd6 cxd6 15. cxd4 Rc8 16. dxe5 Rc2 17. Bd4 dxe5 18. Bxa7 Ke7 19. Be3 Ra8 20. a4 Rb2 21. O-O Rxb3 22. Rab1 Rxb1 23. Rxb1 $11 {[%mdl 4096] Endgame KRB-KRN} Nd6 24. Bc5 {Strongly threatening Rxb7+.} Rxa4 25. Rxb7+ Ke6 {( -> ...Ra1+)} 26. Rb1 {Inhibits Ra1.} Nf5 27. Re1 Kd5 28. Bb6 Kc6 29. Be3 Nxe3 30. fxe3 {KR-KR} Kd5 31. Re2 Ke4 32. Kf2 Rc4 33. Ra2 Rc7 34. Ke2 Rc4 35. Kd2 Rb4 36. Ke2 h5 37. g3 g5 38. h3 Kf5 39. Kf3 Rc4 40. Rb2 Ra4 41. Rc2 g4+ 42. hxg4+ hxg4+ 43. Ke2 Ra7 44. Kd3 Rd7+ 45. Ke2 Rh7 46. Kf1 $2 {[%mdl 8192] [#]} (46. Rc4 $11) 46... Ke4 $1 $19 {Threatens to win with ...Kf3. Black is clearly winning.} 47. Kg2 Kxe3 48. Rc3+ Kd4 49. Ra3 {[#]} Rc7 $1 50. Ra2 {[%emt 1:45:14] Weighted Error Value: White=0.54/Black=0.00 (flawless)} 0-1

[Event "Skagerrak Kragero 2022"]
[Site "Kragero"]
[Date "2022.06.06"]
[Round "9.2"]
[White "Hryzlova, Sofiia"]
[Black "Tarleva, Diana"]
[Result "1/2-1/2"]
[ECO "A30"]
[WhiteElo "2157"]
[BlackElo "2160"]
[Annotator "TA"]
[PlyCount "27"]
[EventDate "2022.06.02"]
[EventType "tourn"]
[EventCountry "NOR"]
[SourceTitle "playchess.com"]
[Source "ChessBase"]
[SourceQuality "1"]
[TimeControl "5400+30"]

1. Nf3 b6 2. g3 Bb7 3. Bg2 g6 4. O-O Bg7 5. d4 Nf6 6. c4 O-O 7. b3 c5 8. Bb2 cxd4 9. Nxd4 Bxg2 10. Kxg2 Nc6 {A30: Symmetrical English: Double Fianchetto and Hedgehog.} (10... d5 $11) 11. Nxc6 dxc6 {The position is equal.} 12. Nd2 {[#]} Qc7 $146 ({Predecessor:} 12... Qd7 13. Qc2 Rfd8 14. Rad1 c5 15. Bxf6 Bxf6 16. Nf3 Qe6 17. Rxd8+ Rxd8 18. Rd1 Rxd1 19. Qxd1 {½-½ (26) Lomsadze,D (2335)-Morchiashvili,B (2395) Konya 2017}) 13. Nf3 Rad8 14. Qc2 {[%emt 0:05:05] A rather calm draw.  Weighted Error Value: White=0.11 (very precise) /Black=0.27 (precise)} 1/2-1/2

[Event "Skagerrak Kragero 2022"]
[Site "Kragero"]
[Date "2022.06.06"]
[Round "9.3"]
[White "Skaslien, Ingrid"]
[Black "Machlik, Monika"]
[Result "0-1"]
[ECO "E48"]
[WhiteElo "1884"]
[BlackElo "2134"]
[Annotator "TA"]
[PlyCount "94"]
[EventDate "2022.06.02"]
[EventType "tourn"]
[EventCountry "NOR"]
[SourceTitle "playchess.com"]
[Source "ChessBase"]
[SourceQuality "1"]
[TimeControl "5400+30"]

1. d4 Nf6 2. c4 e6 3. Nc3 Bb4 4. e3 d5 5. cxd5 exd5 6. Bd3 O-O 7. Nge2 Re8 8. O-O Bd6 9. a3 {E48: Nimzo-Indian: Rubinstein: 5 Bd3 d5 including 6 Ne2, but excluding 6 a3.} b6 10. b4 Nbd7 11. Ng3 {The position is equal.} Bb7 12. Nf5 Bf8 $1 {[#]} 13. Rb1 $146 ({Predecessor:} 13. Bb2 g6 14. Ng3 a6 15. Qb3 Bd6 16. Be2 h5 17. Bf3 Nf8 18. Nxd5 Bxd5 19. Bxd5 Nxd5 20. Qxd5 Bxg3 21. Qxd8 Bxf2+ 22. Kxf2 Raxd8 {0-1 (51) Hoi,C (2389)-Roseneck,J (2182) Helsingor 2018}) 13... g6 14. Ng3 Bg7 15. f3 Nf8 16. Re1 Ne6 17. Bd2 Re7 18. b5 a6 19. a4 $1 axb5 20. axb5 Re8 21. Nce2 Qd7 22. Qb3 Ra7 23. Ra1 Rea8 24. Rxa7 Rxa7 25. Qb2 h5 26. Nc3 Bh6 27. Na2 Ne8 28. Rc1 (28. Ne2 $11) 28... Nd6 ({Black should try} 28... h4 $1 $17 29. Nh1 h3) 29. Ne2 Ng7 (29... h4 $5 ) 30. Nec3 (30. Nb4 $11) 30... Ngf5 $17 31. Kf2 (31. Bxf5 $142 Nxf5 32. Re1) 31... Qe7 32. Nd1 Ra8 (32... Qh4+ $19 33. Kg1 Nc4 34. Bxc4 dxc4) 33. Nb4 Re8 {Black is more active.} 34. Bxf5 (34. Nc2 $142) 34... Nxf5 (34... gxf5 $142 35. Nc2 f4) 35. Qc3 {[#] Now White is beyond hope.} (35. Kg1 $17 {keeps fighting.}) 35... Qh4+ $1 $19 36. Kg1 {[#]} Nxd4 {[%cal Bf5d4,Bd4e6,Be6d8][%mdl 544] aiming for ...Ne2+.} 37. Qd3 {Inhibits Ne2+.} ({Don't go for} 37. exd4 $2 Bxd2 38. g3 Re1+ 39. Kg2 Re2+ 40. Nf2 Rxf2+ 41. Kxf2 Qxh2+ 42. Kf1 h4 43. gxh4 Bc8 44. Qxd2 Qxd2 $19) 37... Ne6 38. g3 Qd8 {Strongly threatening ...Nc5.} 39. Bc3 $2 (39. Rc2) 39... d4 {Black is clearly winning.} 40. Bd2 dxe3 41. Qxd8 Nxd8 42. Nxe3 Bxe3+ 43. Bxe3 Rxe3 44. Rxc7 Kf8 45. Na6 Re7 {...Bxa6 is the strong threat.} 46. Rc3 Bxa6 47. bxa6 Ra7 {[%emt 1:48:54] Weighted Error Value: White=0.39/Black=0.21 (precise)} 0-1

[Event "Skagerrak Kragero 2022"]
[Site "Kragero"]
[Date "2022.06.06"]
[Round "9.4"]
[White "Verbin, Valentina"]
[Black "Grave, Jacob Templen"]
[Result "1/2-1/2"]
[ECO "B19"]
[WhiteElo "2067"]
[BlackElo "2227"]
[Annotator "TA"]
[PlyCount "48"]
[EventDate "2022.06.02"]
[EventType "tourn"]
[EventCountry "NOR"]
[SourceTitle "playchess.com"]
[Source "ChessBase"]
[SourceQuality "1"]
[TimeControl "5400+30"]

1. e4 {Postny,E} c6 2. d4 d5 3. Nc3 dxe4 4. Nxe4 Bf5 5. Ng3 Bg6 6. h4 h6 7. Nf3 Nd7 8. h5 Bh7 9. Bd3 Bxd3 10. Qxd3 e6 11. Bd2 Ngf6 12. O-O-O Be7 13. Ne4 Nxe4 14. Qxe4 Nf6 {B19: Classical Caro-Kann: 4...Bf5 main line.} 15. Qd3 O-O 16. g4 (16. Qe2 $11) 16... Qd5 (16... Nxg4 $15 17. Qe2 Qd5) 17. g5 $11 ({Much worse is} 17. c4 Qe4 18. Qe3 Qxe3 19. Bxe3 Nxg4 $15) 17... Qxa2 {[#]} 18. Bc3 $146 (18. c3 $16) ({Predecessor:} 18. c3 hxg5 19. Bxg5 a5 20. h6 g6 21. Ne5 Kh7 22. Rdg1 a4 23. Bxf6 a3 24. bxa3 Bxf6 25. Nxf7 {0-1 (37) Kobalia,M (2637)-Popov,V (2585) Rijeka 2010 CBM 136 [Postny,E]}) 18... hxg5 19. Nxg5 Bd6 {[#] Hoping for ...Bf4+.} 20. Rh4 {[%mdl 1024] Against Bf4+. h6 is the strong threat. White has compensation.} Qd5 21. Rg1 {And now h6 would win.} Qb5 ({Better is} 21... Qf5 $14) 22. Qf3 {Strongly threatening h6.} Qd5 23. Qd3 {[#] Black must now prevent h6.} Qb5 24. Qf3 {[%emt 0:51:40] aiming for h6.} Qd5 $1 {[%emt 1:16:19] Weighted Error Value: White=0.68/Black=0.48} 1/2-1/2